AoeStats
← Chaves

MegaRandom

510424759Analyzed
3v3 RM · 2d ago on Oct 1, 2026· 29m 23s· 6 players
Game mode
Random Map
Map size
Normal (6 player)
Population
200
Speed
Normal
Resources
Standard
Victory
Conquest
Starting age
Dark Age
Ending age
Imperial Age
RankedLock teamsTeams togetherTeam positionsShared explorationLock speedFull tech treeHidden civsTurbo modeCheats
Victory
Defeat
🇨🇱 Persians · Chile
1251
+12
🇧🇷 Wei · Brazil
1201
+14
🇺🇸 Mongols · United States
1165
+14
🇦🇷 Magyars · Argentina
1195
-15
🇦🇷 Georgians · Argentina
1166
-14
🇦🇷 Celts · Argentina
1099
-11
gatuzo
6:53 Loom
10:07 Feudal Age
14:09 Castle Age
13:06 Double-Bit Axe
17:59 Horse Collar
22:26 Bloodlines
25:05 Forging
26:49 Wheelbarrow
26:41 Husbandry
Chaves
3:48 Loom
13:02 Feudal Age
13:40 Town Watch
15:00 Man-at-Arms
16:02 Arson
19:56 Scale Mail Armor
20:07 Forging
21:27 Wheelbarrow
27:58 Castle Age
27:09 Horse Collar
27:31 Gold Mining
28:12 Long Swordsman
29:10 Chain Mail Armor
30:28 Iron Casting
one more game
9:47 Feudal Age
10:48 Double-Bit Axe
10:50 Loom
11:57 Horse Collar
19:49 Castle Age
18:42 Bloodlines
18:47 Gold Mining
20:08 Light Cavalry
20:52 Husbandry
21:53 Bow Saw
25:59 Forging
28:46 Wheelbarrow
29:19 Town Watch
EmiDroga
8:20 Loom
11:05 Feudal Age
11:34 Double-Bit Axe
12:30 Man-at-Arms
15:34 Scale Mail Armor
15:44 Forging
21:43 Castle Age
26:16 Long Swordsman
bscan100
4:22 Loom
10:10 Feudal Age
13:49 Bloodlines
21:09 Castle Age
20:03 Town Watch
20:08 Double-Bit Axe
20:05 Horse Collar
20:35 Scale Barding Armor
21:45 Wheelbarrow
22:12 Chain Barding Armor
22:31 Husbandry
22:44 Forging
23:20 Bow Saw
24:55 Iron Casting
25:33 Hand Cart
MartKing90
6:49 Loom
9:59 Feudal Age
14:51 Scale Barding Armor
22:13 Castle Age
21:54 Bloodlines
24:02 Pikeman
Connection lost

Rejoining the realm…

Still unreachable

The connection could not be restored.

Session expired

The server has moved on; the page needs a fresh start.